Tolliver Groat, neutral female gnomish Tourist --------- |.......| ----############.....<..| ..|# |.......| -.|############........| +.|# # |.......| |..########### ----.---- | -+ ----.|# # |... --+--....|# |.............|# | --+----.{...........|# |..........................[...|# | --+--........... -+---+--)..|# --------. -- |...|# + |...|# | ---- |...|# | -----+------. ----..-----....##### |.................@).f....QQ...|# --------------------------------# Tolliver Groat the Sightseer Experience level: 5 Strength: 11 Dexterity: 9 Constitution: 17 Intelligence: 15 Wisdom: 6 Charisma: 16 Health: 0(43) Energy: 20(20) Def: 0 Gold: 1115 Moves: 3400 Dungeon seed: 77TZbIPICJFYXhT3 Game ID: Tolliver Groat_1529567168 Your Inventory: Coins $ - 1115 gold pieces Amulets R - an uncursed amulet of unchanging (being worn) Weapons a - an uncursed +0 long sword (weapon in hand) r - an uncursed +2 aklys u - 44 uncursed +2 darts (in quiver) Armor o - an uncursed +0 Hawaiian shirt (being worn) Comestibles b - 2 uncursed cream pies c - 2 uncursed fortune cookies d - 3 uncursed tripe rations g - 3 uncursed food rations i - an uncursed apple Scrolls m - 4 uncursed scrolls of magic mapping E - 2 uncursed scrolls of scare monster O - an uncursed scroll of remove curse P - an uncursed scroll of blank paper T - a blessed scroll of enchant armor W - an uncursed scroll of enchant weapon Potions w - a blessed potion of sleeping z - an uncursed potion of healing C - an uncursed potion of booze D - a blessed potion of object detection I - 2 uncursed potions of levitation Q - an uncursed potion of monster detection Wands p - an uncursed wand of secret door detection (0:13) v - an uncursed wand of enlightenment (0:10) Tools e - an uncursed lock pick n - an uncursed expensive camera (0:73) x - an uncursed towel H - an uncursed credit card S - an uncursed towel Y - an uncursed brass lantern (0:1114) Spells and supernatural/magical abilities: Name Level Category Fail Memory W - pray for help -- divine ? -- Your skills at the end: Miscellaneous Skills wands [Basic] stealth [Skilled] Weapon Skills long sword [Basic] club [Basic] dart [Basic] Spellcasting Skills Final Attributes: You were devoutly aligned. You had infravision. You were very stealthy. You could not change from your current form. You are dead. Vanquished creatures: a Woodland-elf a kobold mummy an elf zombie a kitten a homunculus a kobold lord an iguana 2 jitterbugs a giant bat 4 orc zombies a dwarf zombie a wererat a hobbit a large kobold 2 geckos 3 hobgoblins 3 giant rats 7 cave spiders a brown mold 2 yellow molds a green mold 11 jackals a fox a kobold 6 newts 2 goblins 10 grid bugs 6 lichens 2 kobold zombies 76 creatures vanquished. Voluntary challenges: You did not cause conflict. You were not invisible. You did not have reflection. You were not displaced. You used a wielded weapon 73 times, starting on turn 2. You did not apply a unicorn horn. You did not use plumbed fixtures. You were illiterate. You never genocided any monsters. You never polymorphed an object. You never changed form. You used no wishes. You never split a pudding. You never wrote Elbereth's name. You never violated your personal moral code. Dungeon overview: The Dungeons of Doom: levels 1 to 4 Level 1 an altar to Offler, a fountain, a sink a long staircase Level 2 Level 3 a fountain Level 4 some fountains stairs to The Gnomish Mines The Gnomish Mines: levels 5 to 7 Level 5 stairs to The Dungeons of Doom Level 6 Level 7 <- You were here a fountain History has recorded: On T:1 you entered the Dungeons of Doom to retrieve the Amulet of Yendor! On T:391 you reached level 2 of The Dungeons of Doom. On T:709 you reached level 3 of The Dungeons of Doom. On T:1557 you advanced to experience level 2. On T:1950 you reached level 4 of The Dungeons of Doom. On T:1986 you advanced to experience level 3. On T:2186 you reached level 1 of The Gnomish Mines. On T:2633 you advanced to experience level 4. On T:2699 you prayed to The Lady. On T:2860 you reached level 2 of The Gnomish Mines. On T:3105 you advanced to experience level 5. On T:3329 you reached level 3 of The Gnomish Mines. Score breakdown: Gold: 502 ( 50 points) Experience: 5 levels ( 400 points) Exploration: 7 levels ( 180 points) Discoveries: 14 items ( 700 points) Variety of kills: 29 monsters ( 1450 points) Major goal: (nothing yet) ( 0 points) Survival: died (score multiplied by 3) Total score: 8340 Latest messages: The Woodland-elf wields a runed short sword! The Woodland-elf shoots 2 runed arrows! The 1st runed arrow misses the Woodland-elf. You stop searching. You are hit by the 1st runed arrow. The 2nd runed arrow hits the Woodland-elf! The Woodland-elf wields a runed bow! The Woodland-elf wields a runed short sword! The Woodland-elf shoots 2 runed arrows! The 1st runed arrow misses the Woodland-elf. You are hit by the 1st runed arrow. The 2nd runed arrow misses the Woodland-elf. You are hit by the 2nd runed arrow. You hear the howling of the CwnAnnwn... The Woodland-elf wields a runed bow! You displace Coco. The Woodland-elf shoots a runed arrow! The runed arrow hits the Woodland-elf. The Woodland-elf shoots a runed arrow! The runed arrow misses Coco. You are hit by a runed arrow! You die... Final status: Aloha Tolliver Groat the Tourist, killed by an elven arrow... You died in The Gnomish Mines on dungeon level 7 with 8340 points, and 1115 pieces of gold, after 3400 moves. You were level 5 with a maximum of 43 hit points when you died.